 Dungeon Crawl Stone Soup version 0.22.1-2-g9c5b331 (webtiles) character file.

548 Harpaggios the Vexing (level 7, -3/33 HPs)
             Began as a Vine Stalker Enchanter on Jan 1, 2019.
             Slain by a black bear (10 damage)
             ... on level 6 of the Dungeon.
             The game lasted 00:16:44 (3820 turns).

Harpaggios the Vexing (Vine Stalker Enchanter)      Turns: 3820, Time: 00:16:45

Health: -3/33      AC:  6    Str: 11    XL:     7   Next: 28%
Magic:  0/12       EV: 12    Int: 15    God:
Gold:   146        SH:  0    Dex: 16    Spells: 6/12 levels left

rFire    . . .     SeeInvis .   a - +1 dagger
rCold    . . .     Gourm    .   (no shield)
rNeg     . . .     Faith    .   e - +1 steam dragon scales
rPois    .         Spirit   +   (no helmet)
rElec    .         Reflect  .   (no cloak)
rCorr    .         Harm     .   (no gloves)
MR       .....                  (no boots)
Stlth    +++.......             (no amulet)
HPRegen  0.51/turn              (no ring)
MPRegen  0.13/turn              (no ring)

@: very slightly contaminated
A: fangs 2, regeneration 1, magic shield, antimagic bite, no potion heal 3, rot
immunity
a: no special abilities


You were on level 6 of the Dungeon.
You were very hungry.

You visited 1 branch of the dungeon, and saw 5 of its levels.

You collected 146 gold pieces.

Inventory:

Hand Weapons
 a - a +1 dagger (weapon)
Armour
 e - +1 steam dragon scales (worn)
Wands
 h - a wand of flame (15)
 m - a wand of polymorph (12)
Scrolls
 b - a scroll of enchant armour
 c - a scroll of enchant weapon
 f - a scroll of remove curse
 g - 2 scrolls of blinking
 i - a scroll of noise
 l - a scroll of teleportation
 n - 4 scrolls of identify
 o - a scroll of magic mapping {unknown}
 r - a scroll of fog
Potions
 j - a potion of cancellation {unknown}
 k - a potion of might {unknown}
 p - a potion of heal wounds {unknown}
 q - 2 potions of curing {unknown}
Comestibles
 d - 4 rations


   Skills:
 * Level 1.5 Fighting
 + Level 3.3 Short Blades
 - Level 1.5 Dodging
 + Level 4.2 Stealth
 * Level 3.2 Spellcasting
 - Level 6.1 Hexes


You had 6 spell levels left.
You knew the following spells:

 Your Spells              Type           Power        Failure   Level  Hunger
a - Corona                Hex            ###....      1%          1    #......
b - Ensorcelled Hibernat  Hex/Ice        ##....       9%          2    ##.....
c - Tukima's Dance        Hex            ###.....     4%          3    ###....

Your spell library contained the following spells:

 Spells                   Type           Power        Failure   Level  Hunger
 Confuse                  Hex            ###.....     4%          3    ###....
 Dazzling Spray           Conj/Hex       ##....       17%         3    ###....


Dungeon Overview and Level Annotations

Branches:
Dungeon (4/15)             Temple (0/1) D:6

Altars:
Fedhas
Ru

Shops:
D:4 *

Annotations:
D:3 3 runed doors, exclusion: 3 doors, Lui's ghost, amateur TeHu


Innate Abilities, Weirdness & Mutations

You have extremely sharp teeth.
Your natural rate of healing is unusually fast.
When hurt, damage is shared between your health and your magic reserves.
Your bite disrupts and absorbs the magic of your enemies.
Potions cannot restore your health.
You are immune to rotting.


Message History

The black bear is severely wounded.
The black bear bites you.
The black bear claws you but does no damage.
The black bear closely misses you.
You hit the black bear.
The black bear is severely wounded.
The black bear goes berserk!
You hit the black bear. Your bite misses the black bear.
The black bear is severely wounded.
The black bear barely misses you. The black bear closely misses you.
The black bear barely misses you. The black bear bites you!
* * * LOW HITPOINT WARNING * * *
The black bear claws you but does no damage.
The black bear closely misses you.
The black bear rages.
You hear an angry growl.
The black bear barely misses you. x2; The black bear misses you.
The black bear bites you!
You die...

..#......#
........#
####......#
..........#
#..)...#
#.###....#
#........#
#########.#
#.....@h..#
#.#########
#.# #.# #.#
#.#
#.#######.
#.........
#..#######


You could see a black bear (berserk).

Vanquished Creatures
  A phantom (D:4)
  An ogre (D:4)
  2 scorpions (D:4)
  A crimson imp (D:3)
  An orc priest (D:4)
  A centaur skeleton (D:4)
  A worker ant (D:4)
  6 adders
  A howler monkey skeleton (D:4)
  2 oozes
  An adder skeleton (D:4)
  A worm (D:2)
  A dart slug (D:2)
  4 leopard geckos
  3 orcs (D:4)
  2 giant cockroaches (D:2)
  10 goblins
  9 hobgoblins
  5 jackals
  5 bats
  7 frilled lizards
  2 jackal skeletons
  8 kobolds
  A quokka skeleton (D:4)
  9 rats
85 creatures vanquished.

Notes
Turn   | Place    | Note
-------+----------+-------------------------------------------
     0 | D:1      | Harpaggios the Vine Stalker Enchanter began the quest for
                  | the Orb.
     0 | D:1      | Reached XP level 1. HP: 9/9 MP: 4/4
    40 | D:1      | Reached XP level 2. HP: 10/13 MP: 3/6
   564 | D:1      | Learned a level 2 spell: Ensorcelled Hibernation
   772 | D:1      | Reached skill level 4 in Hexes
   886 | D:1      | Reached skill level 1 in Short Blades
   886 | D:1      | Reached XP level 3. HP: 16/16 MP: 7/7
  1723 | D:2      | Gained mutation: Your natural rate of healing is unusually
                  | fast. [Vine Stalker growth]
  1723 | D:2      | Reached XP level 4. HP: 6/21 MP: 3/8
  1759 | D:2      | Learned a level 3 spell: Tukima's Dance
  2113 | D:3      | Found a blossoming altar of Fedhas.
  2527 | D:3      | Noticed a gnoll sergeant
  2527 | D:3      | Noticed Lui's ghost (amateur TeHu)
  2532 | D:3      | Found a runed gate.
  2532 | D:3      | Found a runed gate.
  2532 | D:3      | Found a runed gate.
  2579 | D:3      | Reached skill level 5 in Hexes
  2579 | D:3      | Reached XP level 5. HP: 24/24 MP: 9/9
  2836 | D:3      | Found a sacrificial altar of Ru.
  2992 | D:4      | Found Yshaic's General Store.
  3022 | D:4      | Reached XP level 6. HP: 28/28 MP: 1/10
  3071 | D:4      | Reached skill level 6 in Hexes
  3562 | D:4      | Reached skill level 1 in Fighting
  3562 | D:4      | Reached XP level 7. HP: 7/33 MP: 9/12
  3752 | D:4      | You fall through a shaft for 2 floors!
  3752 | D:6      | Found a staircase to the Ecumenical Temple.
  3820 | D:6      | Slain by a black bear

Skill      XL: |  1  2  3  4  5  6 |
---------------+-------------------+-----
Hexes          | 4 5 6 |  6.1
Short Blades   | 1 2 3 |  3.3
Fighting       | 1 |  1.5
Stealth        | 4 |  4.2
Spellcasting   | 3 |  3.2
Dodging        | |  1.5

Action                   |  1- 3 |  4- 6 |  7- 9 || total
-------------------------+-------+-------+-------++-------
Melee: Dagger            |   128 |   114 |    62 ||   304
       Bite              |    29 |    27 |    25 ||    81
 Cast: Corona            |     3 |       |     5 ||     8
       Ensorcelled Hiber |       |    21 |     7 ||    28
       Tukima's Dance    |       |     1 |       ||     1
  Use: Scroll            |       |     8 |     1 ||     9
 Stab: Sleeping          |     9 |    18 |       ||    27
  Eat: Chunk             |     3 |     7 |       ||    10
Armor: Robe              |     1 |       |       ||     1
       Steam dragon scal |    26 |    25 |    31 ||    82
Dodge: Dodged            |    53 |    62 |    45 ||   160
